 Dungeon Crawl Stone Soup version 0.30.0-10-gfe55d96785 (webtiles) character file.

Game seed: 11240388676885040830

351 qeuew the Covered (level 6, -3/53 HPs)
             Began as a Minotaur Fighter on May 15, 2023.
             Was a Believer of Qazlal.
             Slain by Duvessa
             ... wielding a +2 short sword of speed
              (5 damage)
             ... on level 4 of the Dungeon.
             The game lasted 00:03:07 (2440 turns).

qeuew the Covered (Minotaur Fighter)                Turns: 2440, Time: 00:03:08

Health: -3/53      AC:  7    Str: 20    XL:     6   Next: 34%
Magic:  6/6        EV: 10    Int:  5    God:    Qazlal [**....]
Gold:   210        SH:  8    Dex: 12    Spells: 5/5 levels left

rFire   . . .        a - +0 war axe
rCold   . . .        c - +1 buckler
rNeg    . . .        b - +0 scale mail
rPois   .            (helmet restricted)
rElec   .            (no cloak)
rCorr   .            (no gloves)
SInv    .            (no boots)
Will    .....        (no amulet) Stlth
                     (no ring)
HPRegen 0.28/turn    (no ring)
MPRegen 0.10/turn

%: no passive effects
@: no status effects
A: horns 2, retaliatory headbutt
a: Renounce Religion, Upheaval


You were on level 4 of the Dungeon.
You worshipped Qazlal.
Qazlal was pleased with you.
You visited 1 branch of the dungeon, and saw 4 of its levels.

You collected 210 gold pieces.

Inventory:

Hand Weapons
 a - a +0 war axe (weapon)
Armour
 b - a +0 scale mail (worn)
 c - a +1 buckler (worn)
Jewellery
 f - an amulet of the acrobat
Scrolls
 i - 2 scrolls of poison
Potions
 d - a potion of might
 e - a potion of mutation
 g - 2 potions of flight
 h - 2 potions of heal wounds
 j - a potion of ambrosia {unknown}
 k - a potion of curing


   Skills:
 + Level 4.6 Fighting
 + Level 3.9 Axes
 * Level 5.6 Armour
 + Level 2.2 Dodging
 + Level 4.6 Shields
 + Level 1.9 Invocations


You had 5 spell levels left.
You didn't know any spells.
Your spell library contained the following spells:

 Spells                   Type           Power      Damage    Failure   Level
 Portal Projectile        Hex/Tloc       0%         N/A       99%         3
 Tukima's Dance           Hex            0%         N/A       99%         3
 Blade Hands              Tmut           0%         N/A       100%        5


Dungeon Overview and Level Annotations

Branches:
Dungeon (4/15)
 Temple: D:4-7

Altars:
Qazlal
Sif Muna

Shops:
D:1 [

Annotations:
D:4 Duvessa


Innate Abilities, Weirdness & Mutations

You have a pair of horns on your head.
You reflexively headbutt those who attack you in melee.


Message History

You closely miss Dowan. You hit Duvessa but do no damage.
You block Duvessa's attack. Duvessa misses you.
Dowan is engulfed in freezing vapours.
You block Dowan's attack. Duvessa barely misses you.
You hit Duvessa. Your headbutt misses Duvessa.
Duvessa is lightly wounded.
You completely miss Dowan.
Duvessa hits you with a +2 short sword of speed!
Dowan is engulfed in freezing vapours.
Dowan hits you but does no damage. Duvessa closely misses you.
Duvessa hits you with a +2 short sword of speed!
* * * LOW HITPOINT WARNING * * *
Dowan is engulfed in freezing vapours.
You kill Dowan!
Qazlal accepts your kill.
Duvessa screams in rage.
Duvessa goes berserk!
You feel much better. Duvessa misses you. You furiously retaliate!
You headbutt Duvessa, but do no damage. You block Duvessa's attack.
Aiming: Upheaval
Press: ? - help, Dir - move target
Okay, then.
Aiming: Upheaval
Press: ? - help, Dir - move target, f - Duvessa
Aim: Duvessa, wielding a +2 short sword of speed and wearing a +0 leather armour (lightly wounded, berserk, fast) That beam is likely to hit you.
Continue anyway?
Okay, then.
Unknown command.
You hit Duvessa but do no damage.
Duvessa is lightly wounded.
You block Duvessa's attack.
Duvessa hits you with a +2 short sword of speed. x2
* * * LOW HITPOINT WARNING * * *
Unknown command.
You hit Duvessa. You headbutt Duvessa, but do no damage.
Duvessa is moderately wounded.
Duvessa hits you with a +2 short sword of speed!
* * * LOW HITPOINT WARNING * * *
Duvessa hits you with a +2 short sword of speed.
You die...

###.....†......#
.......###.#######
................[
..##.###.########
#.#.............#
#.#..###.######.#
#........#
#)°..#######
#e@.........
#§§...######
#...........
##.#.##..### #####
#.# .# #


You could see Duvessa (berserk, fast).

Vanquished Creatures
  Dowan (D:4)
  A hound (D:4)
  A jelly (D:4)
  A gnoll bouda (D:4)
  Terence (D:3)
  An iguana (D:3)
  3 adders
  5 gnolls (D:4)
  2 worms
  A dart slug (D:3)
  13 ball pythons
  6 bats
  11 endoplasms
  2 giant cockroaches
  2 goblins
  4 hobgoblins
  9 jackals
  5 quokkas
  2 frilled lizards (D:1)
  6 kobolds
  3 rats
80 creatures vanquished.

Notes
Turn   | Place    | Note
-------+----------+-------------------------------------------
     0 | D:1      | qeuew the Minotaur Fighter began the quest for the Orb.
     0 | D:1      | Reached XP level 1. HP: 19/19 MP: 0/0
   113 | D:1      | Reached XP level 2. HP: 24/27 MP: 1/1
   168 | D:1      | Reached skill level 4 in Armour
   405 | D:1      | Found Adufe's Antique Armour Boutique.
   416 | D:1      | Reached skill level 1 in Dodging
   695 | D:1      | Found a faded altar of an unknown god.
   720 | D:1      | Reached XP level 3. HP: 33/33 MP: 2/2
   730 | D:1      | Prayed at the altar of an unknown god.
   730 | D:1      | Became a worshipper of Qazlal Stormbringer
   730 | D:1      | Reached * piety under Qazlal
  1698 | D:3      | Reached XP level 4. HP: 40/40 MP: 3/3
  1786 | D:3      | Reached ** piety under Qazlal
  1917 | D:3      | Noticed Terence
  1921 | D:3      | Killed Terence
  1922 | D:3      | Reached skill level 1 in Invocations
  1922 | D:3      | Reached XP level 5. HP: 46/46 MP: 4/4
  2137 | D:4      | Reached skill level 5 in Armour
  2281 | D:4      | Found a shimmering blue altar of Sif Muna.
  2334 | D:4      | Reached XP level 6. HP: 51/53 MP: 6/6
  2429 | D:4      | Noticed Duvessa
  2429 | D:4      | Noticed Dowan
  2437 | D:4      | Killed Dowan
  2440 | D:4      | HP: 2/53 [Duvessa/+2 short sword of speed (10)]
  2440 | D:4      | Slain by Duvessa

Illustrated notes

Levels and vault maps discovered:
D:1:      wander_arrival_peaceful_grave, layout_basic, serial_curves,
          eino_curves_03, eino_curves_01,
          dreamdust_ecumenical_altar_angels_and_demons, serial_shops, shop
D:2:      layout_rooms, st_stairs_1
D:3:      layout_loops_ring, serial_glass, glass_columns_c, glass_columns_b,
          glass_columns_c, glass_columns_b, glass_columns_c, glass_columns_b,
          glass_columns_a, glass_columns_b, glass_columns_b, glass_columns_b,
          glass_columns_a, glass_columns_c, glass_columns_a, glass_columns_a,
          item_on_display_a, minmay_strange_pillars, minmay_strange_pillars,
          feat_on_display, uniq_terence
D:4:      minmay_angry_zag, layout_basic, overflow_temple_1_default,
          portal_sewer_entry_d, uniq_duvessa

Skill      XL: |  1  2  3  4  5 |
---------------+----------------+-----
Armour         | 4 5 |  5.6
Dodging        | 1 2 |  2.2
Shields        | 4 |  4.6
Axes           | 3 |  3.9
Fighting       | 4 |  4.6
Invocations    | 1 |  1.9

Action                     |  1- 3 |  4- 6 || total
---------------------------+-------+-------++-------
  Melee: War axe           |    79 |    63 ||   142
         Headbutt          |     6 |    12 ||    18
    Use: Scroll            |     6 |     1 ||     7
         Potion            |     5 |     2 ||     7
 Armour: Scale mail        |    26 |    25 ||    51
  Dodge: Dodged            |    31 |    40 ||    71
  Block: Buckler           |    20 |    30 ||    50
